 Dungeon Crawl Stone Soup version 0.28-a0-821-g923ab73998 (webtiles) character file.

Game seed: 11684083310042371615

155 Decritt the Chopper (level 5, 37/48 HPs)
             Began as a Hill Orc Monk on Nov 9, 2021.
             Quit the game on level 3 of the Dungeon.
             The game lasted 00:14:38 (5828 turns).

Decritt the Chopper (Hill Orc Monk)                 Turns: 5828, Time: 00:14:38

Health: 37/48      AC:  7    Str: 15    XL:     5   Next: 37%
Magic:  5/5        EV: 10    Int: 10    God:
Gold:   150        SH:  0    Dex: 13    Spells: 4/4 levels left

rFire   . . .      SeeInvis .   a - +0 hand axe
rCold   . . .      Faith    .   (no shield)
rNeg    . . .      Spirit   .   e - +0 scale mail
rPois   .          Reflect  .   j - +0 helmet
rElec   .          Harm     .   (no cloak)
rCorr   .          Rampage  .   (no gloves)
Will    .....                   (no boots)
Stlth   ..........              (no amulet)
HPRegen 0.16/turn               (no ring)
MPRegen 0.09/turn               (no ring)

@: no status effects
A: no striking features
a: Convert to Beogh


You were on level 3 of the Dungeon.
You visited 1 branch of the dungeon, and saw 3 of its levels.

You collected 150 gold pieces.

Inventory:

Hand Weapons
 a - a +0 hand axe (weapon)
Missiles
 f - 40 stones (quivered)
Armour
 b - a +0 robe
 e - a +0 scale mail (worn)
 i - a +0 animal skin
 j - a +0 helmet (worn)
Jewellery
 k - a ring of see invisible
Scrolls
 h - a scroll of teleportation
 l - a scroll of vulnerability {unknown}
 r - 2 scrolls of identify
Potions
 d - a potion of curing
 g - a potion of cancellation


   Skills:
 + Level 5.4 Fighting
 + Level 6.0 Axes
 + Level 1.3 Armour
 - Level 2.4 Dodging
 - Level 1.5 Stealth


You had 4 spell levels left.
You didn't know any spells.
Your spell library contained the following spells:

 Spells                   Type           Power      Damage    Failure   Level
 Animate Skeleton         Necr           0%         N/A       83%         1
 Pain                     Necr           0%         1d4       83%         1
 Vampiric Draining        Necr           0%         2d6       99%         3


Dungeon Overview and Level Annotations

Branches:
Dungeon (3/15)

Altars:

Annotations:
D:2 1 exclusion, Sigmund
D:3 1 runed translucent door, Crazy Yiuf, Grinder


Message History

f - 40 stones (gained 1)
f - 41 stones (gained 1)
You open the door.
There is an open door here.
A ball python comes into view.
You throw a stone.
The stone closely misses the ball python.
You slash the ball python!
You kill the ball python!
No target in view!
No target in view!
f - 41 stones (gained 1)
A hobgoblin comes into view.
The hobgoblin shouts!
You throw a stone.
The stone hits the hobgoblin but does no damage.
You throw a stone. The stone closely misses the hobgoblin.
You throw a stone. The stone closely misses the hobgoblin.
You barely miss the hobgoblin. The hobgoblin closely misses you.
You closely miss the hobgoblin.
The hobgoblin hits you but does no damage.
You hit the hobgoblin.
You kill the hobgoblin!
No target in view!
f - 39 stones (gained 1)
f - 40 stones (gained 1)
Found a stone staircase leading up.
You now have 150 gold pieces (gained 11).
An orc and an orc priest come into view.
The orc priest shouts, "Surrender to Beogh and we'll let you live!" (press Y on the ability menu to convert to Beogh)
The orc priest shouts!
The orc shouts!
You hear a shout!
There are monsters nearby!
There are monsters nearby!
An orc comes into view. It is wielding a +0 whip.
The orc priest mumbles some strange prayers to Beogh against you.
Beogh smites you!
You hear an angry hiss.
There are monsters nearby!
Are you sure you want to abandon this character and quit the game? (Confirm with "yes".)

#.....# #.....# #.....#
#.....# #.....# #.....#
###.
##.....############.....
........................
##.....#######..@..ooo..
##........<##..........
#.##########..........
#.# #.......... #.#
#.......... #.#
#.......... #.#
#.......... #.#
#.......... #.#
#.........


You could see an orc priest and 2 orcs.

Vanquished Creatures
  Terence (D:1)
  Robin (D:1)
  4 adders
  3 dart slugs (D:1)
  5 endoplasms
  2 giant cockroaches (D:2)
  15 goblins
  13 hobgoblins
  3 jackals (D:2)
  4 kobolds
  3 quokkas
  6 ball pythons
  2 bats
  4 frilled lizards
  6 rats
72 creatures vanquished.

Vanquished Creatures (others)
  A fungus (D:1)
  4 plants (D:2)
5 creatures vanquished.

Grand Total: 77 creatures vanquished

Notes
Turn   | Place    | Note
-------+----------+-------------------------------------------
     0 | D:1      | Decritt the Hill Orc Monk began the quest for the Orb.
     0 | D:1      | Reached XP level 1. HP: 19/19 MP: 1/1
   305 | D:1      | Reached XP level 2. HP: 15/27 MP: 2/2
  1663 | D:1      | Found a faded altar of an unknown god.
  1699 | D:1      | Reached XP level 3. HP: 34/34 MP: 3/3
  2050 | D:2      | Noticed Robin
  2064 | D:1      | Reached skill level 5 in Axes
  2273 | D:1      | Killed Robin
  2744 | D:2      | Reached XP level 4. HP: 34/41 MP: 4/4
  3050 | D:2      | Noticed Terence
  3662 | D:1      | Killed Terence
  3663 | D:1      | Reached skill level 5 in Fighting
  4088 | D:2      | Noticed Sigmund
  4684 | D:2      | Reached XP level 5. HP: 47/48 MP: 5/5
  4858 | D:2      | Reached skill level 1 in Armour
  5227 | D:3      | Noticed Grinder
  5503 | D:3      | Reached skill level 6 in Axes
  5560 | D:3      | Found a runed translucent door.
  5561 | D:3      | Noticed Crazy Yiuf
  5828 | D:3      | Quit the game

Illustrated notes

Levels and vault maps discovered:
D:1:      ncdulo_smallfort, layout_basic, shapermc_ecumenical_altar_acropolis,
          hangedman_feature_mirror
D:2:      layout_basic, serial_bayou_crossing, uniq_sigmund, uniq_terence,
          uniq_robin
D:3:      layout_basic, lemuel_another_geyser, uniq_crazy_yiuf_cottage,
          uniq_grinder

Skill      XL: |  1  2  3  4  5 |
---------------+----------------+-----
Fighting       | 4 5 |  5.4
Axes           | 5 6 |  6.0
Armour         | 1 |  1.3
Dodging        | |  2.4
Stealth        | |  1.5

Action                   |  1- 3 |  4- 6 || total
-------------------------+-------+-------++-------
Melee: Hand axe          |   104 |   153 ||   257
Throw: Stone             |    14 |    95 ||   109
  Use: Scroll            |       |     3 ||     3
       Potion            |       |     2 ||     2
 Stab: Sleeping          |     1 |       ||     1
       Invisible         |       |     1 ||     1
Armor: Robe              |    16 |       ||    16
       Animal skin       |     3 |     3 ||     6
       Scale mail        |       |    53 ||    53
Dodge: Dodged            |    54 |    86 ||   140

Table legend: (Time is in decaauts)
 A = Elapsed time spent in this place.
 B = Non-inter-level travel time spent in this place.
 C = Inter-level travel time spent in this place.
 D = Time resting spent in this place.
 E = Time spent auto-exploring this place.
 F = Levels seen in this place.
 G = Mean time per level.
                   A        B        C        D        E       F      G
               +--------+--------+--------+--------+--------+-----+--------+
         Total |   5876 |   5788 |     88 |   3330 |   1498 |   3 | 1958.7 |
       Dungeon |   5876 |   5788 |     88 |   3330 |   1498 |   3 | 1958.7 |
               +--------+--------+--------+--------+--------+-----+--------+

Top non-repeatable levels by time:
     D:1: 3831 daAuts
     D:2: 1187 daAuts
     D:3: 857 daAuts
